 Dungeon Crawl Stone Soup version 0.31-a0-233-g139696dc86 (webtiles) character file.

Game seed: 1194583192284962598

100 qw the Shooter (level 4, -4/36 HPs)
             Began as a Minotaur Hexslinger on July 9, 2023.
             Slain by Grinder (6 damage)
             ... on level 3 of the Dungeon.
             The game lasted 00:00:39 (2295 turns).

qw the Shooter (Minotaur Hexslinger)                Turns: 2295, Time: 00:00:40

Health: -4/36      AC:  8    Str: 13    XL:     4   Next: 46%
Magic:  4/4        EV: 12    Int: 10    God:
Gold:   128        SH:  0    Dex: 14    Spells: 4/5 levels left

rFire   . . .        Y - +1 sling
rCold   . . .        (no shield)
rNeg    . . .        b - +2 leather armour {Will+}
rPois   .            (helmet restricted)
rElec   .            e - +2 cloak
rCorr   .            (no gloves)
SInv    .            (no boots)
Will    +....        (no amulet)
Stlth   +            (no ring)
HPRegen 0.26/turn    (no ring)
MPRegen 0.09/turn

%: no passive effects
@: about to teleport
A: horns 2, retaliatory headbutt
a: no special abilities


You were on level 3 of the Dungeon.
You visited 1 branch of the dungeon, and saw 3 of its levels.

You collected 128 gold pieces.


Innate Abilities, Weirdness & Mutations

You have a pair of horns on your head.
You reflexively headbutt those who attack you in melee.


   Skills:
 - Level 2.0 Fighting
 + Level 4.9 Ranged Weapons
 - Level 0.5 Armour
 - Level 2.1 Dodging
 - Level 1.0 Spellcasting
 - Level 2.0 Hexes


You had 4 spell levels left.
You knew the following spells:

 Your Spells              Type           Power      Damage    Failure   Level
a - Slow                  Hex            16%        N/A       19%         1

Your spell library contained the following spells:

 Spells                   Type           Power      Damage    Failure   Level
 Inner Flame              Hex/Fire       2%         N/A       65%         3
 Portal Projectile        Hex/Tloc       4%         N/A       65%         3
 Cause Fear               Hex            2%         N/A       88%         4

Inventory:

Hand Weapons
 Y - a +1 sling (weapon)
Armour
 b - a +2 leather armour of willpower (worn)
 e - a +2 cloak (worn)
Scrolls
 f - 2 scrolls of identify {unknown}
 g - a scroll of fear {unknown}
Potions
 a - a potion of mutation {unknown}
 c - a potion of haste {unknown}
 d - a potion of heal wounds {unknown}
 h - a potion of degeneration {unknown}

Dungeon Overview and Level Annotations

Branches:
Dungeon (3/15)

Altars:

Annotations:
D:3 2 runed translucent doors, Grinder


Message History

The orc wizard gestures wildly while chanting.
The orc wizard flickers and vanishes!
Deactivating autopickup; reactivate with Ctrl-A.
You shoot a sling bullet.
The sling bullet closely misses Grinder.
Grinder blinks!
Something hits you but does no damage.
You shoot a sling bullet.
The sling bullet hits Grinder but does no damage.
Grinder is lightly wounded.
You hear some strange, mumbled words.
A puff of flame appears from out of thin air!
The puff of flame hits you!
You shoot a sling bullet.
The sling bullet closely misses Grinder.
Grinder gestures at you.
You easily resist.
Something hits you but does no damage.
You shoot a sling bullet. The sling bullet barely misses Grinder.
Something hits you but does no damage. x2
You shoot a sling bullet. The sling bullet hits Grinder.
Grinder is moderately wounded.
Something hits you but does no damage. Grinder gestures at you.
You resist with some effort.
You shoot a sling bullet. The sling bullet hits Grinder.
Grinder is moderately wounded.
Grinder misses you. Something hits you.
You shoot a sling bullet. The sling bullet hits Grinder.
Grinder is heavily wounded.
Grinder hits you.
You hear some strange, mumbled words.
A puff of flame appears from out of thin air!
The puff of flame hits you!
2294 ||| READING scroll of teleportation.
As you read the scroll of teleportation, it crumbles to dust.
You feel strangely unstable. Grinder hits you.
Something hits you but does no damage.
You shoot a sling bullet. The sling bullet hits Grinder.
Grinder is heavily wounded.
Grinder hits you.
You die...

#...8####8.......#
#........... #...+
..+.......#
############ #...
..#8.......# .#
#++####.....# #.
#.....# #.....#
#.....#####
#..5..%...#
#.)@......#
#..{##.....#
.....). .........
....#.. .........
..#..............
. ..............
#..............
#.... .......


You could see Grinder.

Vanquished Creatures
  Terence (D:3)
  2 adders (D:2)
  An ufetubus (D:3)
  A worm (D:2)
  A dart slug (D:1)
  4 orcs (D:3)
  6 endoplasms
  A giant cockroach (D:3)
  3 goblins
  2 hobgoblins (D:2)
  2 jackals (D:1)
  2 quokkas
  4 ball pythons
  6 bats
  A frilled lizard (D:1)
  4 kobolds
  2 rats
43 creatures vanquished.

Notes
Turn   | Place    | Note
-------+----------+-------------------------------------------
     0 | D:1      | qw the Minotaur Hexslinger began the quest for the Orb.
     0 | D:1      | Reached XP level 1. HP: 16/16 MP: 1/1
     0 | D:1      | 0 ||| qw: Version: 0.3-a-51-g015441d
     0 | D:1      | 0 ||| qw: Game counter: 4007
     0 | D:1      | 0 ||| qw: Melee chars always use a shield: true
     0 | D:1      | 0 ||| qw: God list: Okawaru
     0 | D:1      | 0 ||| qw: Allow faded altars: false
     0 | D:1      | 0 ||| qw: Do Orc after clearing Dungeon:15 true
     0 | D:1      | 0 ||| qw: Do second Lair branch before Depths: true
     0 | D:1      | 0 ||| qw: Lair rune preference: random
     0 | D:1      | 0 ||| qw: Goals: Normal
     0 | D:1      | 0 ||| PLANNING D:1-11
    38 | D:1      | You fall into a shaft and drop 1 floor!
    61 | D:2      | Reached skill level 3 in Ranged Weapons
    61 | D:2      | Reached XP level 2. HP: 20/23 MP: 2/2
    93 | D:2      | 93 ||| READING scroll labelled TUNLIH JEUFFI.
    94 | D:2      | 94 ||| DROPPING scroll of poison.
   102 | D:2      | 102 ||| STAIRDANCE
   715 | D:1      | Reached XP level 3. HP: 29/29 MP: 3/3
  1074 | D:1      | 1074 ||| UPGRADING to +0 ring mail.
  1084 | D:1      | 1084 ||| DROPPING +0 robe.
  1085 | D:1      | 1085 ||| UPGRADING to +2 cloak.
  1090 | D:1      | 1090 ||| READING scroll labelled UNUMPAHYLA.
  1091 | D:1      | 1091 ||| READING scroll labelled CUZEVU KAAT.
  1402 | D:2      | Reached skill level 4 in Ranged Weapons
  1837 | D:2      | 1837 ||| UPGRADING to +2 leather armour of willpower.
  1847 | D:2      | 1847 ||| DROPPING +0 ring mail.
  1848 | D:2      | 1848 ||| READING scroll labelled IMIMAPR WAWAH.
  1922 | D:3      | Noticed Terence
  1932 | D:3      | Killed Terence
  1933 | D:3      | Reached XP level 4. HP: 35/36 MP: 4/4
  2241 | D:3      | Found a large runed translucent door.
  2242 | D:3      | Found a large runed translucent door.
  2276 | D:3      | Noticed Grinder
  2293 | D:3      | HP: 4/36 [something/puff of flame (11)]
  2294 | D:3      | 2294 ||| READING scroll of teleportation.
  2295 | D:3      | Slain by Grinder

Levels and vault maps discovered:
D:1:      ncdulo_halloftheorcs, layout_loops_corners, chequers_garden,
          chequers_avenue, chequers_serial_rivers_micro_e
D:2:      layout_basic
D:3:      layout_basic, jmf_multi_god_temple2, chequers_serial_rivers_large_a,
          uniq_grinder, uniq_terence

Skill      XL: |  1  2  3 |
---------------+----------+-----
Ranged Weapons | 3 4 |  4.9
Fighting       | 2 |  2.0
Armour         | |  0.5
Dodging        | |  2.1
Spellcasting   | |  1.0
Hexes          | |  2.0

Action                     |  1- 3 |  4- 6 || total
---------------------------+-------+-------++-------
   Fire: Sling             |    88 |    60 ||   148
    Use: Scroll            |     4 |     1 ||     5
 Armour: Robe              |     8 |       ||     8
         Ring mail         |     9 |       ||     9
         Leather armour    |     2 |    17 ||    19
  Dodge: Dodged            |    25 |    22 ||    47

Table legend:
 A = Non-vault XP
 B = Vault XP
 C = Vault XP percentage of total XP
 D = Non-vault monster count
 E = Vault monster count
 F = Vault count percentage of total count
                 A         B        C        D         E       F
            +---------+---------+-------+---------+---------+-------
      Total |     107 |      36 |  25.2 |      42 |       1 |   2.3
            +---------+---------+-------+---------+---------+-------
        D:1 |      24 |       0 |   0.0 |      13 |       0 |   0.0
        D:2 |      49 |       0 |   0.0 |      15 |       0 |   0.0
        D:3 |      34 |      36 |  51.4 |      14 |       1 |   6.7
            +---------+---------+-------+---------+---------+-------
